[ AOE2 MATCH · #458588117 ]
UnrankedTeutons vs Portuguese
[ REPLAY ANALYSIS · EXTRACTED FROM THE RECORDED GAME ]
Feudal
11:02
Castle
21:38
Imperial
—
| APM avg | 67.0 |
| APM peak | 129 |
| eAPM avg | 28.8 |
| Villagers / military | 135 / 100 |
Focus
⚔️ 42.1% · 🌾 57.9%
Knight ×91 · Scout Cavalry ×8 · Militia ×1
Feudal
9:02
Castle
20:44
Imperial
—
| APM avg | 59.5 |
| APM peak | 96 |
| eAPM avg | 28.3 |
| Villagers / military | 130 / 97 |
Focus
⚔️ 33.3% · 🌾 66.7%
Knight ×91 · Scout Cavalry ×5 · Spearman ×1
Feudal
8:51
Castle
21:42
Imperial
—
| APM avg | 59.2 |
| APM peak | 113 |
| eAPM avg | 22.5 |
| Villagers / military | 90 / 124 |
Focus
⚔️ 47.6% · 🌾 52.4%
Archer ×104 · Skirmisher ×11 · Militia ×3 · Spearman ×3 · Mangonel ×2 · Battering Ram ×1
Feudal
8:24
Castle
22:03
Imperial
36:53
| APM avg | 74.2 |
| APM peak | 167 |
| eAPM avg | 45.2 |
| Villagers / military | 129 / 123 |
Focus
⚔️ 65.9% · 🌾 34.1%
Archer ×121 · Spearman ×1 · Cavalry Archer ×1
Match map
Initial resources + every placement click. Lines = walls · curves = elevation contours. ◆ gold · ⬟ stone · ● berries · ✦ relic · ◌ wall gap
Your base
Guiik's base
Hadeo's base
OGN's base
Smoothed initial terrain · ◌ = detected wall gap · hover for details
Inputs per minute
— Zombla - - Guiik
Build order — Zombla
First 150 of 378 actions detected
| 0:01 | Create | Villager (Male) |
| 0:01 | Create | Villager (Male) |
| 0:04 | Build | House |
| 0:05 | Build | House |
| 0:19 | Create | Villager (Male) |
| 0:20 | Create | Villager (Male) |
| 1:25 | Create | Villager (Male) |
| 1:25 | Create | Villager (Male) |
| 2:01 | Build | Lumber Camp |
| 2:02 | Create | Villager (Male) |
| 2:15 | Create | Villager (Male) |
| 2:52 | Create | Villager (Male) |
| 3:13 | Create | Villager (Male) |
| 3:13 | Create | Villager (Male) |
| 3:46 | Create | Villager (Male) |
| 3:46 | Create | Villager (Male) |
| 3:46 | Create | Villager (Male) |
| 4:22 | Build | House |
| 4:42 | Create | Villager (Male) |
| 4:42 | Create | Villager (Male) |
| 4:58 | Build | Mill |
| 5:21 | Create | Villager (Male) |
| 5:21 | Create | Villager (Male) |
| 5:52 | Create | Villager (Male) |
| 5:52 | Create | Villager (Male) |
| 5:52 | Create | Villager (Male) |
| 6:12 | Create | Villager (Male) |
| 6:28 | Create | Villager (Male) |
| 6:28 | Create | Villager (Male) |
| 6:33 | Build | House |
| 6:36 | Build | Palisade Wall |
| 6:43 | Create | Villager (Male) |
| 6:43 | Create | Villager (Male) |
| 7:04 | Create | Villager (Male) |
| 7:44 | Build | Palisade Wall |
| 7:49 | Research | Loom |
| 8:33 | Build | Lumber Camp |
| 8:39 | Build | House |
| 8:50 | Create | Villager (Male) |
| 8:52 | Research | Feudal Age |
| 9:25 | Build | Palisade Wall |
| 9:34 | Build | Palisade Wall |
| 9:52 | Build | Palisade Wall |
| 9:57 | Create | Villager (Male) |
| 10:11 | Build | Barracks |
| 10:16 | Build | Palisade Wall |
| 10:17 | Build | Palisade Wall |
| 10:18 | Build | Palisade Wall |
| 10:28 | Build | Palisade Wall |
| 10:36 | Build | Palisade Wall |
| 11:02 | Age | Feudal Age |
| 11:13 | Build | Stable |
| 11:17 | Research | Double-Bit Axe |
| 11:17 | Research | Double-Bit Axe |
| 11:26 | Create | Villager (Male) |
| 11:30 | Research | Horse Collar |
| 11:30 | Research | Horse Collar |
| 11:30 | Research | Horse Collar |
| 11:46 | Build | Farm |
| 11:47 | Build | Farm |
| 11:49 | Build | Farm |
| 11:50 | Create | Villager (Male) |
| 11:54 | Create | Scout Cavalry |
| 11:57 | Build | Farm |
| 12:02 | Create | Scout Cavalry |
| 12:09 | Build | Farm |
| 12:11 | Build | Farm |
| 12:20 | Build | Farm |
| 12:23 | Build | Farm |
| 12:25 | Create | Villager (Male) |
| 12:25 | Create | Villager (Male) |
| 12:37 | Build | Farm |
| 12:39 | Build | Farm |
| 12:41 | Create | Villager (Male) |
| 13:01 | Create | Villager (Male) |
| 13:16 | Build | House |
| 13:17 | Build | Farm |
| 13:19 | Create | Villager (Male) |
| 13:27 | Create | Villager (Male) |
| 13:43 | Build | Farm |
| 13:44 | Create | Scout Cavalry |
| 13:54 | Build | House |
| 14:02 | Create | Villager (Male) |
| 14:10 | Build | Farm |
| 14:32 | Build | House |
| 14:38 | Create | Scout Cavalry |
| 14:39 | Create | Villager (Male) |
| 14:42 | Build | Farm |
| 14:58 | Create | Scout Cavalry |
| 15:06 | Create | Villager (Male) |
| 15:08 | Build | Farm |
| 15:19 | Build | Farm |
| 15:23 | Build | Mining Camp |
| 15:34 | Create | Scout Cavalry |
| 15:40 | Build | Blacksmith |
| 15:55 | Create | Villager (Male) |
| 15:57 | Build | Farm |
| 16:00 | Build | Farm |
| 16:01 | Build | Farm |
| 16:02 | Build | Farm |
| 16:40 | Research | Wheelbarrow |
| 16:40 | Research | Wheelbarrow |
| 16:54 | Research | Scale Barding Armor |
| 16:54 | Research | Scale Barding Armor |
| 17:09 | Create | Scout Cavalry |
| 17:09 | Create | Scout Cavalry |
| 18:08 | Create | Villager (Male) |
| 18:09 | Create | Villager (Male) |
| 18:55 | Research | Castle Age |
| 19:20 | Research | Gold Mining |
| 19:45 | Research | Bloodlines |
| 20:25 | Research | Forging |
| 20:26 | Research | Forging |
| 20:35 | Build | Stable |
| 20:55 | Build | House |
| 20:59 | Build | House |
| 21:36 | Create | Villager (Male) |
| 21:38 | Age | Castle Age |
| 21:43 | Build | Town Center |
| 21:50 | Create | Knight |
| 21:50 | Create | Knight |
| 21:59 | Research | Bow Saw |
| 21:59 | Research | Bow Saw |
| 22:00 | Create | Villager (Male) |
| 22:07 | Research | Chain Barding Armor |
| 22:07 | Research | Chain Barding Armor |
| 22:10 | Create | Knight |
| 22:10 | Create | Knight |
| 22:11 | Create | Villager (Male) |
| 22:12 | Create | Villager (Male) |
| 22:49 | Create | Villager (Male) |
| 22:51 | Create | Villager (Male) |
| 22:51 | Create | Villager (Male) |
| 22:58 | Build | Town Center |
| 23:04 | Create | Knight |
| 23:04 | Create | Knight |
| 23:29 | Create | Knight |
| 23:32 | Create | Villager (Male) |
| 23:37 | Build | Stable |
| 23:44 | Create | Knight |
| 23:44 | Create | Knight |
| 23:46 | Create | Villager (Male) |
| 23:51 | Build | House |
| 24:03 | Build | Palisade Gate |
| 24:08 | Build | Palisade Wall |
| 24:13 | Create | Militia |
| 24:14 | Build | House |
| 24:29 | Create | Villager (Male) |
| 24:30 | Create | Villager (Male) |
| 24:34 | Create | Villager (Male) |
Build order — Guiik
First 150 of 363 actions detected
| 0:00 | Create | Villager (Male) |
| 0:00 | Create | Villager (Male) |
| 0:00 | Create | Villager (Male) |
| 0:01 | Build | House |
| 0:02 | Build | House |
| 0:06 | Create | Villager (Male) |
| 1:28 | Create | Villager (Male) |
| 1:58 | Create | Villager (Male) |
| 2:08 | Build | Lumber Camp |
| 2:15 | Create | Villager (Male) |
| 2:46 | Create | Villager (Male) |
| 3:12 | Create | Villager (Male) |
| 3:23 | Build | House |
| 3:31 | Create | Villager (Male) |
| 4:06 | Create | Villager (Male) |
| 4:06 | Create | Villager (Male) |
| 4:29 | Create | Villager (Male) |
| 4:47 | Create | Villager (Male) |
| 5:04 | Create | Villager (Male) |
| 5:06 | Build | House |
| 5:28 | Create | Villager (Male) |
| 5:28 | Create | Villager (Male) |
| 5:37 | Build | Mill |
| 6:01 | Research | Loom |
| 6:52 | Research | Feudal Age |
| 7:38 | Create | Villager (Male) |
| 7:58 | Build | Barracks |
| 9:02 | Age | Feudal Age |
| 9:03 | Build | Stable |
| 9:07 | Create | Villager (Male) |
| 9:09 | Create | Spearman |
| 9:11 | Research | Double-Bit Axe |
| 9:29 | Create | Villager (Male) |
| 9:32 | Research | Horse Collar |
| 9:37 | Build | House |
| 9:39 | Build | Palisade Wall |
| 9:46 | Build | Palisade Wall |
| 10:00 | Create | Scout Cavalry |
| 10:02 | Create | Villager (Male) |
| 10:12 | Build | Farm |
| 10:12 | Build | Farm |
| 10:21 | Create | Villager (Male) |
| 10:29 | Build | House |
| 10:30 | Build | Palisade Wall |
| 10:36 | Build | Palisade Wall |
| 10:37 | Build | Palisade Wall |
| 10:38 | Build | Palisade Wall |
| 10:39 | Build | Palisade Wall |
| 10:44 | Create | Villager (Male) |
| 10:51 | Build | Palisade Wall |
| 11:02 | Create | Villager (Male) |
| 11:06 | Create | Scout Cavalry |
| 11:07 | Create | Villager (Male) |
| 11:13 | Create | Villager (Male) |
| 11:29 | Build | House |
| 11:29 | Build | House |
| 11:34 | Build | House |
| 11:40 | Create | Scout Cavalry |
| 11:53 | Create | Villager (Male) |
| 12:01 | Build | Palisade Wall |
| 12:05 | Build | Palisade Wall |
| 12:06 | Create | Villager (Male) |
| 12:08 | Build | Farm |
| 12:09 | Build | Farm |
| 12:21 | Create | Villager (Male) |
| 12:22 | Create | Scout Cavalry |
| 12:41 | Create | Villager (Male) |
| 12:53 | Build | House |
| 12:56 | Build | Farm |
| 12:56 | Build | Farm |
| 13:07 | Create | Scout Cavalry |
| 13:13 | Build | Farm |
| 13:24 | Create | Villager (Male) |
| 13:30 | Build | Farm |
| 13:33 | Build | Farm |
| 13:52 | Create | Villager (Male) |
| 13:54 | Build | House |
| 13:57 | Build | Farm |
| 14:06 | Build | Palisade Wall |
| 14:10 | Build | House |
| 14:23 | Create | Villager (Male) |
| 14:27 | Build | House |
| 14:41 | Build | Farm |
| 14:41 | Build | Farm |
| 14:47 | Create | Villager (Male) |
| 14:57 | Build | Farm |
| 15:01 | Create | Villager (Male) |
| 15:17 | Build | House |
| 15:18 | Build | House |
| 15:30 | Build | Mining Camp |
| 15:31 | Create | Villager (Male) |
| 15:56 | Build | Farm |
| 16:01 | Create | Villager (Male) |
| 16:05 | Build | House |
| 16:08 | Create | Villager (Male) |
| 16:40 | Create | Villager (Male) |
| 17:03 | Create | Villager (Male) |
| 17:05 | Build | Blacksmith |
| 17:11 | Build | Farm |
| 17:23 | Build | House |
| 17:24 | Build | House |
| 17:32 | Research | Gold Mining |
| 18:04 | Research | Castle Age |
| 18:04 | Research | Castle Age |
| 18:10 | Build | Lumber Camp |
| 18:14 | Research | Scale Barding Armor |
| 18:40 | Build | Stable |
| 19:03 | Create | Villager (Male) |
| 19:04 | Build | Lumber Camp |
| 19:17 | Research | Forging |
| 19:23 | Research | Bloodlines |
| 19:50 | Build | Stable |
| 20:44 | Age | Castle Age |
| 20:46 | Create | Knight |
| 20:46 | Create | Knight |
| 20:46 | Create | Knight |
| 20:48 | Build | Town Center |
| 20:49 | Create | Villager (Male) |
| 20:53 | Research | Husbandry |
| 21:13 | Research | Bow Saw |
| 21:31 | Build | Farm |
| 21:31 | Build | Farm |
| 21:36 | Build | Farm |
| 21:37 | Build | Farm |
| 21:38 | Build | Farm |
| 21:39 | Create | Villager (Male) |
| 21:39 | Create | Villager (Male) |
| 21:52 | Create | Knight |
| 21:52 | Create | Knight |
| 22:11 | Create | Knight |
| 22:26 | Create | Knight |
| 22:26 | Create | Knight |
| 22:31 | Create | Villager (Male) |
| 22:33 | Create | Villager (Male) |
| 22:45 | Build | Farm |
| 22:46 | Create | Villager (Male) |
| 22:48 | Build | Farm |
| 22:48 | Build | Farm |
| 22:51 | Build | Farm |
| 22:51 | Build | Farm |
| 22:54 | Create | Villager (Male) |
| 23:06 | Create | Knight |
| 23:18 | Build | Farm |
| 23:21 | Create | Knight |
| 23:21 | Create | Knight |
| 23:23 | Build | House |
| 23:27 | Create | Knight |
| 23:35 | Create | Knight |
| 23:37 | Build | House |
| 24:01 | Create | Knight |
Build order — Hadeo
First 150 of 329 actions detected
| 0:01 | Create | Villager (Male) |
| 0:02 | Create | Villager (Male) |
| 0:03 | Build | House |
| 0:06 | Build | House |
| 0:18 | Create | Villager (Male) |
| 0:18 | Create | Villager (Male) |
| 1:24 | Create | Villager (Male) |
| 1:46 | Build | Lumber Camp |
| 1:51 | Create | Villager (Male) |
| 1:51 | Create | Villager (Male) |
| 2:09 | Create | Villager (Male) |
| 2:43 | Create | Villager (Male) |
| 3:36 | Create | Villager (Male) |
| 3:36 | Create | Villager (Male) |
| 3:36 | Create | Villager (Male) |
| 3:53 | Build | House |
| 4:16 | Build | House |
| 4:20 | Create | Villager (Male) |
| 4:37 | Create | Villager (Male) |
| 4:43 | Create | Villager (Male) |
| 5:44 | Build | Barracks |
| 6:10 | Create | Villager (Male) |
| 6:38 | Research | Feudal Age |
| 6:42 | Build | House |
| 6:44 | Create | Militia |
| 6:44 | Create | Militia |
| 7:21 | Create | Militia |
| 7:22 | Create | Villager (Male) |
| 7:27 | Build | Mining Camp |
| 7:31 | Build | House |
| 7:32 | Build | House |
| 8:06 | Build | House |
| 8:51 | Age | Feudal Age |
| 8:54 | Create | Villager (Male) |
| 9:01 | Build | Archery Range |
| 9:06 | Create | Villager (Male) |
| 9:25 | Research | Double-Bit Axe |
| 9:38 | Create | Villager (Male) |
| 9:46 | Build | Mill |
| 9:53 | Create | Villager (Male) |
| 10:05 | Research | Arson |
| 10:30 | Create | Villager (Male) |
| 10:30 | Create | Archer |
| 10:36 | Create | Skirmisher |
| 11:03 | Create | Villager (Male) |
| 11:05 | Build | Farm |
| 11:06 | Build | Farm |
| 11:07 | Build | Farm |
| 11:08 | Create | Skirmisher |
| 11:17 | Build | Farm |
| 11:20 | Build | Farm |
| 11:22 | Build | Farm |
| 11:34 | Create | Skirmisher |
| 11:43 | Create | Archer |
| 11:47 | Build | House |
| 11:48 | Build | House |
| 11:51 | Create | Villager (Male) |
| 11:56 | Research | Loom |
| 12:03 | Build | Farm |
| 12:11 | Create | Villager (Male) |
| 12:13 | Build | Farm |
| 12:18 | Create | Villager (Male) |
| 12:33 | Build | Blacksmith |
| 12:36 | Create | Skirmisher |
| 12:38 | Create | Villager (Male) |
| 12:40 | Build | House |
| 12:41 | Build | House |
| 12:56 | Create | Villager (Male) |
| 13:13 | Build | Farm |
| 13:14 | Create | Skirmisher |
| 13:16 | Research | Fletching |
| 13:25 | Build | Farm |
| 13:29 | Create | Skirmisher |
| 13:48 | Create | Villager (Male) |
| 13:49 | Create | Skirmisher |
| 13:51 | Build | Farm |
| 13:54 | Build | Palisade Wall |
| 14:00 | Create | Villager (Male) |
| 14:24 | Build | Farm |
| 14:45 | Create | Spearman |
| 14:54 | Create | Spearman |
| 14:56 | Create | Villager (Male) |
| 15:00 | Build | House |
| 15:07 | Create | Skirmisher |
| 15:08 | Create | Villager (Male) |
| 15:30 | Build | House |
| 15:31 | Create | Villager (Male) |
| 15:37 | Build | Farm |
| 15:37 | Create | Skirmisher |
| 15:42 | Build | House |
| 15:52 | Create | Archer |
| 15:58 | Research | Horse Collar |
| 16:04 | Build | House |
| 16:14 | Create | Villager (Male) |
| 16:15 | Build | House |
| 16:33 | Create | Villager (Male) |
| 16:41 | Build | Farm |
| 16:41 | Build | Farm |
| 16:54 | Create | Spearman |
| 16:54 | Create | Skirmisher |
| 17:11 | Build | Farm |
| 17:19 | Create | Villager (Male) |
| 17:38 | Create | Archer |
| 17:39 | Create | Archer |
| 17:39 | Create | Villager (Male) |
| 18:01 | Build | Farm |
| 18:01 | Build | Farm |
| 18:08 | Create | Villager (Male) |
| 18:24 | Build | Palisade Wall |
| 18:36 | Create | Archer |
| 18:38 | Build | Archery Range |
| 19:02 | Research | Castle Age |
| 19:03 | Create | Archer |
| 19:09 | Build | Archery Range |
| 19:24 | Build | Mining Camp |
| 19:40 | Create | Archer |
| 19:40 | Create | Archer |
| 19:54 | Create | Archer |
| 19:54 | Create | Archer |
| 20:03 | Research | Padded Archer Armor |
| 20:08 | Research | Gold Mining |
| 20:24 | Create | Archer |
| 20:24 | Create | Archer |
| 20:25 | Create | Villager (Male) |
| 20:53 | Build | House |
| 20:55 | Build | House |
| 20:55 | Build | House |
| 21:22 | Create | Archer |
| 21:23 | Create | Archer |
| 21:23 | Create | Villager (Male) |
| 21:42 | Age | Castle Age |
| 21:46 | Research | Crossbowman (upgrade) |
| 21:47 | Research | Bodkin Arrow |
| 21:52 | Build | University |
| 22:06 | Create | Archer |
| 22:15 | Build | Farm |
| 22:38 | Create | Archer |
| 22:47 | Create | Archer |
| 22:49 | Create | Archer |
| 22:50 | Create | Archer |
| 22:50 | Create | Villager (Male) |
| 22:52 | Create | Villager (Male) |
| 22:56 | Create | Archer |
| 22:58 | Create | Archer |
| 23:28 | Build | Market |
| 23:33 | Research | Town Watch |
| 23:45 | Create | Archer |
| 23:45 | Create | Archer |
| 23:46 | Create | Villager (Male) |
| 23:47 | Create | Villager (Male) |
Build order — OGN
First 150 of 406 actions detected
| 0:00 | Create | Villager (Male) |
| 0:01 | Create | Villager (Male) |
| 0:02 | Build | House |
| 0:02 | Build | House |
| 0:04 | Create | Villager (Male) |
| 0:07 | Create | Villager (Male) |
| 1:32 | Create | Villager (Male) |
| 2:03 | Create | Villager (Male) |
| 2:05 | Build | Lumber Camp |
| 2:23 | Create | Villager (Male) |
| 2:37 | Build | House |
| 2:44 | Create | Villager (Male) |
| 3:20 | Create | Villager (Male) |
| 3:20 | Create | Villager (Male) |
| 3:45 | Create | Villager (Male) |
| 3:58 | Create | Villager (Male) |
| 4:13 | Create | Villager (Male) |
| 4:56 | Build | Mining Camp |
| 4:57 | Create | Villager (Male) |
| 5:31 | Research | Loom |
| 6:14 | Research | Feudal Age |
| 7:31 | Build | Barracks |
| 7:45 | Build | House |
| 7:50 | Build | House |
| 8:06 | Create | Villager (Male) |
| 8:24 | Age | Feudal Age |
| 8:30 | Build | Archery Range |
| 8:36 | Create | Villager (Male) |
| 8:44 | Build | Archery Range |
| 8:50 | Build | Archery Range |
| 8:52 | Build | Palisade Wall |
| 8:54 | Build | Palisade Wall |
| 9:05 | Build | House |
| 9:11 | Build | Palisade Wall |
| 9:14 | Build | House |
| 9:20 | Build | Palisade Wall |
| 9:22 | Build | Palisade Wall |
| 9:25 | Build | Palisade Wall |
| 9:36 | Create | Archer |
| 9:36 | Create | Archer |
| 9:41 | Create | Villager (Male) |
| 9:42 | Create | Villager (Male) |
| 10:01 | Create | Villager (Male) |
| 10:11 | Build | Blacksmith |
| 10:18 | Build | Palisade Wall |
| 10:18 | Build | Palisade Wall |
| 10:30 | Create | Archer |
| 10:34 | Create | Villager (Male) |
| 10:54 | Create | Villager (Male) |
| 10:58 | Build | Palisade Wall |
| 11:07 | Create | Villager (Male) |
| 11:27 | Build | Mill |
| 11:27 | Create | Villager (Male) |
| 11:47 | Create | Spearman |
| 11:53 | Create | Archer |
| 12:11 | Build | Farm |
| 12:12 | Build | Farm |
| 12:13 | Build | Farm |
| 12:14 | Create | Villager (Male) |
| 12:17 | Create | Archer |
| 12:22 | Create | Villager (Male) |
| 12:30 | Build | Palisade Wall |
| 12:31 | Build | Palisade Wall |
| 12:34 | Create | Archer |
| 12:45 | Build | Palisade Wall |
| 12:47 | Build | Palisade Wall |
| 13:04 | Build | Farm |
| 13:10 | Research | Fletching |
| 13:21 | Build | House |
| 13:27 | Create | Villager (Male) |
| 13:29 | Build | Farm |
| 13:41 | Create | Archer |
| 13:44 | Create | Villager (Male) |
| 13:49 | Create | Villager (Male) |
| 13:50 | Create | Archer |
| 13:57 | Build | Palisade Wall |
| 14:01 | Build | Palisade Wall |
| 14:03 | Build | Palisade Wall |
| 14:06 | Create | Villager (Male) |
| 14:15 | Build | Farm |
| 14:35 | Research | Double-Bit Axe |
| 14:43 | Create | Villager (Male) |
| 14:48 | Create | Archer |
| 15:00 | Build | House |
| 15:03 | Build | Palisade Wall |
| 15:10 | Create | Villager (Male) |
| 15:19 | Create | Archer |
| 15:21 | Build | House |
| 15:23 | Build | House |
| 15:28 | Build | Palisade Gate |
| 15:31 | Create | Villager (Male) |
| 15:45 | Create | Archer |
| 15:46 | Create | Villager (Male) |
| 15:49 | Build | Farm |
| 16:28 | Create | Villager (Male) |
| 16:34 | Build | House |
| 16:34 | Create | Villager (Male) |
| 16:36 | Build | Farm |
| 16:37 | Build | Farm |
| 16:41 | Create | Archer |
| 16:53 | Create | Villager (Male) |
| 17:06 | Research | Wheelbarrow |
| 17:09 | Create | Archer |
| 17:13 | Build | House |
| 17:14 | Build | House |
| 17:18 | Build | Palisade Wall |
| 17:25 | Build | Farm |
| 17:27 | Build | Farm |
| 17:38 | Create | Archer |
| 17:51 | Create | Villager (Male) |
| 17:51 | Create | Villager (Male) |
| 18:13 | Build | Archery Range |
| 18:16 | Build | Palisade Wall |
| 18:17 | Build | Palisade Wall |
| 18:31 | Create | Archer |
| 18:31 | Create | Archer |
| 18:36 | Create | Villager (Male) |
| 18:47 | Build | Farm |
| 18:48 | Build | Farm |
| 18:51 | Create | Archer |
| 19:15 | Create | Villager (Male) |
| 19:20 | Build | Lumber Camp |
| 19:23 | Research | Castle Age |
| 19:26 | Create | Archer |
| 19:27 | Create | Archer |
| 19:34 | Create | Villager (Male) |
| 19:51 | Create | Archer |
| 19:59 | Create | Archer |
| 19:59 | Create | Archer |
| 20:23 | Create | Archer |
| 20:33 | Build | Archery Range |
| 20:34 | Build | Palisade Wall |
| 20:44 | Build | Palisade Wall |
| 20:50 | Create | Archer |
| 20:51 | Create | Villager (Male) |
| 20:51 | Create | Villager (Male) |
| 20:52 | Create | Archer |
| 21:19 | Build | Palisade Wall |
| 21:42 | Build | Farm |
| 21:52 | Build | House |
| 21:55 | Build | House |
| 21:57 | Build | Palisade Wall |
| 21:59 | Build | Palisade Wall |
| 22:01 | Build | Palisade Wall |
| 22:03 | Age | Castle Age |
| 22:05 | Research | Crossbowman (upgrade) |
| 22:06 | Research | Bodkin Arrow |
| 22:06 | Create | Villager (Male) |
| 22:11 | Build | University |
| 22:29 | Create | Archer |
Match timeline
| 5:44 | Hadeo · first_building Barracks |
| 6:36 | Zombla · wall_segment Palisade Wall x4 |
| 7:31 | OGN · first_building Barracks |
| 7:44 | Zombla · wall_segment Palisade Wall x5 |
| 7:58 | Guiik · first_building Barracks |
| 8:24 | OGN · age_up feudal |
| 8:30 | OGN · first_building Archery Range |
| 8:51 | Hadeo · age_up feudal |
| 8:52 | OGN · wall_segment Palisade Wall x1 |
| 8:54 | OGN · wall_segment Palisade Wall x1 |
| 9:01 | Hadeo · first_building Archery Range |
| 9:02 | Guiik · age_up feudal |
| 9:03 | Guiik · first_building Stable |
| 9:11 | OGN · wall_segment Palisade Wall x1 |
| 9:20 | OGN · wall_segment Palisade Wall x1 |
| 9:22 | OGN · wall_segment Palisade Wall x1 |
| 9:25 | OGN · wall_segment Palisade Wall x1 |
| 9:25 | Zombla · wall_segment Palisade Wall x8 |
| 9:34 | Zombla · wall_segment Palisade Wall x11 |
| 9:39 | Guiik · wall_segment Palisade Wall x5 |
| 9:46 | Guiik · wall_segment Palisade Wall x5 |
| 9:52 | Zombla · wall_segment Palisade Wall x5 |
| 10:11 | Zombla · first_building Barracks |
| 10:16 | Zombla · wall_segment Palisade Wall x4 |
| 10:17 | Zombla · wall_segment Palisade Wall x1 |
| 10:18 | OGN · wall_segment Palisade Wall x1 |
| 10:18 | Zombla · wall_segment Palisade Wall x1 |
| 10:18 | OGN · wall_segment Palisade Wall x1 |
| 10:28 | Zombla · wall_segment Palisade Wall x1 |
| 10:30 | Guiik · wall_segment Palisade Wall x4 |
| 10:36 | Guiik · wall_segment Palisade Wall x6 |
| 10:36 | Zombla · wall_segment Palisade Wall x1 |
| 10:37 | Guiik · wall_segment Palisade Wall x1 |
| 10:38 | Guiik · wall_segment Palisade Wall x1 |
| 10:39 | Guiik · wall_segment Palisade Wall x13 |
| 10:51 | Guiik · wall_segment Palisade Wall x1 |
| 10:58 | OGN · wall_segment Palisade Wall x1 |
| 11:02 | Zombla · age_up feudal |
| 11:13 | Zombla · first_building Stable |
| 12:01 | Guiik · wall_segment Palisade Wall x3 |
| 12:05 | Guiik · wall_segment Palisade Wall x5 |
| 12:30 | OGN · wall_segment Palisade Wall x16 |
| 12:31 | OGN · wall_segment Palisade Wall x4 |
| 12:45 | OGN · wall_segment Palisade Wall x3 |
| 12:47 | OGN · wall_segment Palisade Wall x3 |
| 13:54 | Hadeo · wall_segment Palisade Wall x10 |
| 13:57 | OGN · wall_segment Palisade Wall x6 |
| 14:01 | OGN · wall_segment Palisade Wall x9 |
| 14:03 | OGN · wall_segment Palisade Wall x10 |
| 14:06 | Guiik · wall_segment Palisade Wall x1 |
| 15:03 | OGN · wall_segment Palisade Wall x1 |
| 17:18 | OGN · wall_segment Palisade Wall x8 |
| 18:16 | OGN · wall_segment Palisade Wall x1 |
| 18:17 | OGN · wall_segment Palisade Wall x1 |
| 18:24 | Hadeo · wall_segment Palisade Wall x1 |
| 20:34 | OGN · wall_segment Palisade Wall x1 |
| 20:44 | Guiik · age_up castle |
| 20:44 | OGN · wall_segment Palisade Wall x2 |
| 21:19 | OGN · wall_segment Palisade Wall x4 |
| 21:38 | Zombla · age_up castle |
| 21:42 | Hadeo · age_up castle |
| 21:57 | OGN · wall_segment Palisade Wall x3 |
| 21:59 | OGN · wall_segment Palisade Wall x2 |
| 22:01 | OGN · wall_segment Palisade Wall x3 |
| 22:03 | OGN · age_up castle |
| 23:44 | OGN · wall_segment Palisade Wall x1 |
| 24:08 | Zombla · wall_segment Palisade Wall x1 |
| 24:12 | Hadeo · first_market_buy 100 wood |
| 24:12 | OGN · wall_segment Palisade Wall x1 |
| 24:14 | OGN · wall_segment Palisade Wall x4 |
| 25:07 | Guiik · wall_segment Palisade Wall x1 |
| 30:00 | Hadeo · wall_segment Palisade Wall x1 |
| 31:08 | Guiik · first_market_buy 100 food |
| 31:58 | OGN · first_market_buy 100 stone |
| 32:05 | Guiik · first_market_sell 100 wood |
| 32:07 | OGN · first_building Monastery |
| 32:18 | Hadeo · wall_segment Palisade Wall x1 |
| 32:24 | Zombla · wall_segment Palisade Wall x1 |
| 33:09 | Zombla · first_market_buy 100 food |
| 33:16 | Hadeo · first_building Siege Workshop |
| 33:47 | Zombla · first_building Monastery |
| 36:13 | Hadeo · wall_segment Palisade Wall x2 |
| 36:15 | Hadeo · wall_segment Palisade Wall x1 |
| 36:17 | Hadeo · wall_segment Palisade Wall x1 |
| 36:21 | Zombla · wall_segment Palisade Wall x1 |
| 36:47 | OGN · first_market_sell 100 stone |
| 36:50 | Zombla · first_market_sell 100 wood |
| 36:53 | OGN · age_up imperial |
| 37:51 | Hadeo · first_building Castle |
| 38:54 | Hadeo · resign |
[ AI ANALYSIS · 1 CREDIT ]
What really happened in this match?
Wolo.gg analyzes every decision: build order, eco, micro, common mistakes by bracket. Personalized analysis on WhatsApp or Discord in 30 seconds.
Civ guide
Teutons
Perfil
Jugador #9492453